 Dungeon Crawl Stone Soup version 0.18.1-48-g4cf74bf (webtiles) character file.

169159 Wooh the Hand of Fortune (level 17, -5/159 HPs)
             Began as a Minotaur Gladiator on Sept 8, 2016.
             Was the Champion of Nemelex Xobeh.
             Slain by a merfolk impaler
             ... wielding a +2 trident of venom
              (10 damage)
             ... on level 4 of the Shoals on Sept 10, 2016.
             The game lasted 03:45:35 (40721 turns).

Wooh the Hand of Fortune (Minotaur Gladiator)      Turns: 40721, Time: 03:45:36

Health: -5/159     AC: 26    Str: 25 (26) XL:     17   Next: 35%
Magic:  27/29      EV: 29    Int:  5      God:    Nemelex Xobeh [******]
Gold:   2945       SH:  3    Dex: 21 (22) Spells: 0 memorised, 16 levels left

rFire  + + .     SeeInvis .     a - +1 quarterstaff
rCold  + . .     Gourm    .     E - +4 ring mail of Pynniena {+Blink rElec Str+4}
rNeg   + . .     Faith    .     (shield currently unavailable)
rPois  +         Spirit   .     c - +0 hat
rElec  +         Dismiss  .     h - +2 cloak
rCorr  +         Reflect  +     e - +2 pair of gloves
SustAt .         Harm     .     k - +2 pair of boots
MR     +....                    q - +3 amulet of reflection (curse)
Stlth  ++........               u - ring of Ownef {rPois rF+ AC+1 Str+2}
                                x - ring of positive energy

@: agile, lethally poisoned (-5 -> -33), resistant, slowed, very slow, somewhat
resistant to hostile enchantments, unstealthy
A: retaliatory headbutt, horns 2, rough black scales 1, blurry vision 1,
deterioration 1
a: Triple Draw, Deal Four, Stack Five, Renounce Religion, Evoke Blink


You were on level 4 of the Shoals.
You worshipped Nemelex Xobeh.
Nemelex Xobeh was exalted by your worship.
You were not hungry.

You visited 4 branches of the dungeon, and saw 29 of its levels.
You also visited: Ossuary and Bailey.

You collected 3253 gold pieces.

Inventory:

Hand Weapons
 a - a +1 quarterstaff (weapon)
Missiles
 d - 9 throwing nets
 T - 2 poisoned tomahawks (quivered)
 V - 2 exploding tomahawks
Armour
 c - a +0 hat (worn)
 e - a +2 pair of gloves (worn)
 h - a +2 cloak (worn)
 k - a +2 pair of boots (worn)
 E - the +4 ring mail of Pynniena (worn) {+Blink rElec Str+4}
   (You found it on level 8 of the Dungeon)

   It affects your strength (+4).
   It insulates you from electricity.
   It lets you blink.
Jewellery
 q - a cursed +3 amulet of reflection (around neck)
 u - the ring of Ownef (right hand) {rPois rF+ AC+1 Str+2}
   (You found it on level 3 of the Lair of Beasts)

   [ring of protection]

   It affects your AC (+1).
   It affects your strength (+2).
   It protects you from fire.
   It protects you from poison.
 x - a ring of positive energy (left hand)
Wands
 r - a wand of acid (3/15)
 t - a wand of disintegration (3/24)
 O - a wand of paralysis (2/24)
 P - a wand of flame (8/48)
 Q - a wand of digging (15/24)
Scrolls
 b - 4 scrolls of remove curse
 i - a scroll of recharging
 y - 2 scrolls of enchant weapon
 z - 18 scrolls of identify
 B - 6 scrolls of teleportation
 C - 5 scrolls of fear
 I - 3 scrolls of blinking
Potions
 g - a potion of heal wounds
 m - 3 potions of berserk rage
 o - 5 potions of curing
 A - a potion of resistance
 D - 3 potions of might
 Y - 5 potions of flight
 Z - 5 potions of haste
Miscellaneous
 l - a plain deck of wonders {drawn: 2}
 n - a box of beasts {used: 3}
 p - an ornate deck of defence {drawn: 6}
 s - a lamp of fire (inert)
 v - a legendary deck of destruction {drawn: 1}
 G - 2 phantom mirrors
 H - a legendary deck of destruction {drawn: 4}
 J - a stone of tremors
 K - a legendary deck of destruction {drawn: 1}
 L - an ornate deck of war {drawn: 11}
 M - a legendary deck of destruction
 N - a plain deck of war
 R - an ornate deck of changes {drawn: 4}
 S - a fan of gales
Comestibles
 f - 13 bread rations
 F - 46 fruits


   Skills:
 + Level 16.5 Fighting
 - Level 14.2 Staves
 - Level 2.1 Throwing
 - Level 10.5 Armour
 - Level 14.6 Dodging
 + Level 18.0 Evocations


You had 16 spell levels left.
You didn't know any spells.

Dungeon Overview and Level Annotations

Branches:
Dungeon (15/15)            Temple (0/1) D:4            Lair (8/8) D:10
 Shoals (4/4) Lair:3        Snake (0/4) Lair:6        Slime (0/6) Lair:7
    Orc (2/2) D:12            Elf (0/3) Orc:2        Vaults (0/5) D:13
 Depths (0/5) D:15

Altars:
Ashenzari
Cheibriados
Dithmenos
Gozag
Kikubaaqudgha
Makhleb
Nemelex Xobeh
Okawaru
Ru
The Shining One

Shops:
D:5 [   D:14 [(**   Orc:2 ?[*%


Innate Abilities, Weirdness & Mutations

You reflexively headbutt those who attack you in melee.
You have a pair of horns on your head.
You are partially covered in rough black scales (AC +4, Dex -1).
Scrolls take you a little longer to read.
Your body sometimes deteriorates upon taking damage.


Message History

* * * LOW HITPOINT WARNING * * *
You feel very sick. The harpy completely misses you. The harpy claws you.
* * * LOW HITPOINT WARNING * * *
Your elder oxweird beast hits the alligator snapping turtle!
Your elder oxweird beast tramples the alligator snapping turtle but does no damage.
The merfolk hits you with a trident.
* * * LOW HITPOINT WARNING * * *
The siren chants a haunting song.
You resist. The faun barely misses you. The sea snake completely misses you.
You furiously retaliate!
You headbutt the sea snake! The merfolk impaler misses you.
The alligator snapping turtle barely misses your elder oxweird beast.
The siren chants a haunting song.
You resist.
Your elder oxweird beast hits the alligator snapping turtle!!
The alligator snapping turtle dies!
The merfolk impaler hits you from afar with a trident of venom!
You die...
Your body glows with a rainbow of weird colours and disappears.

≈≈≈≈≈≈≈≈≈≈≈≈≈≈≈≈≈
≈≈≈≈≈≈≈≈≈≈≈≈...≈≈
.≈≈≈≈≈≈≈≈≈≈.....≈
....≈≈≈..≈≈≈.....≈
....≈≈...........≈
....c............≈
....§§.§m.§<§§....
..(m§§.k(S@.§.....
.m..c§.§§cmH......
...m..tm.cE..§....
....§.m.§H.§.....P
..≈≈..mm§.H.§§....
..≈≈cm)..)†§§.....
.≈≈≈§..(..S§§...P.
≈≈≈≈≈≈§...m§§P.P).
.≈≈≈≈≈....).mPP..


You could see a merfolk avatar, 2 merfolk impalers, 2 merfolk javelineers, 2 sea
snakes, a merfolk aquamancer, a snapping turtle, a wind drake, 2 merfolk, 5
fauns, a manticore, a water elemental, 2 sirens, a harpy and a friendly elder
oxweird beast.

Vanquished Creatures
  Frances (Shoals:1)
  A storm dragon (Lair:6)
  A sphinx (Lair:4)
  A ghost moth (Lair:4)
  A juggernaut skeleton (D:15)
  A spark wasp (Shoals:1)
  Snorg (Lair:5)
  3 ettins
  An ogre mage (D:15)
  Josephine (D:10)
  2 merfolk impalers (Shoals:1)
  An ice dragon (Shoals:1)
  2 vault guards (D:13)
  A great orb of eyes (Lair:5)
  9 hydras
  3 merfolk aquamancers
  A catoblepas (Lair:8)
  3 merfolk avatars (Shoals:3)
  A death knight (D:14)
  6 centaur warriors
  The ghost of daning the Carver, a journeyman HESk of Okawaru (D:11)
  An anaconda (Shoals:1)
  An alligator (Lair:8)
  4 death yaks
  2 satyrs
  A tengu warrior (D:15)
  A naga sharpshooter (D:14)
  2 skeletal warriors (D:14)
  11 sea snakes
  A golden dragon zombie (D:15)
  A spark wasp zombie (D:15)
  2 unseen horrors
  Pikel (D:5)
  A deep elf archer (D:13)
  2 wizards (D:13)
  7 hill giants
  A flayed ghost (D:15)
  2 swamp dragons
  3 necromancers
  4 orc knights
  11 harpies
  3 wolf spider zombies
  A hornet (Shoals:1)
  8 griffons
  An oklob plant (Lair:5)
  9 ugly things
  6 fauns
  2 deep elf magi
  7 manticores
  An orc sorcerer (Orc:2)
  2 salamanders (D:14)
  A shining eye (Shoals:2)
  5 cyclopes
  20 elephants
  5 black mambas
  A water nymph (Shoals:2)
  5 sirens
  An eye of devastation (Shoals:1)
  3 gargoyles
  A kobold demonologist (D:9)
  25 spiny frogs
  2 torpor snails
  An efreet (D:13)
  2 centaur skeletons (D:15)
  4 rime drakes
  15 komodo dragons
  3 yaktaurs (D:15)
  A yaktaur (shapeshifter) (D:15)
  A freezing wraith (D:15)
  8 trolls
  12 merfolk
  A queen bee (Lair:6)
  2 giant leeches (Lair:8)
  A polar bear (Shoals:2)
  5 two-headed ogres
  A hornet zombie (D:15)
  3 wind drakes
  A slime creature (Lair:7)
  Grinder (D:6)
  10 snapping turtles
  14 blink frogs
  A centaur simulacrum (D:13)
  A vampire (D:15)
  A shadow (D:13)
  5 wyverns
  5 fire bats
  4 wraiths
  44 yaks
  A deep troll skeleton (D:15)
  20 humans (D:13)
  7 water elementals (Shoals:2)
  12 hippogriffs
  Eustachio (D:4)
  8 basilisks
  11 vampire mosquitoes
  2 steam dragons
  2 hungry ghosts
  A mottled dragon (D:9)
  2 swamp worms (Shoals:1)
  5 wargs (Orc:2)
  Edmund (D:5)
  2 hell hounds (D:10)
  A soldier ant (Lair:5)
  13 porcupines
  14 water moccasins
  4 ice beasts
  4 sky beasts
  2 eyes of draining
  4 phantoms
  40 orc warriors
  3 wasps
  12 ogres
  3 necrophages
  19 wolves
  30 centaurs
  15 crocodiles
  4 big kobolds
  24 giant frogs
  A wyvern skeleton (D:8)
  2 water moccasin skeletons
  3 scorpions
  11 killer bees
  5 electric eels
  A howler monkey (D:15)
  8 crimson imps
  A giant frog zombie (D:5)
  A gnoll shaman (D:9)
  18 jellies
  4 centaur zombies
  11 orc priests
  18 orc wizards
  8 hounds
  2 giant frog skeletons
  12 iguanas
  3 polar bear simulacra (Lair:3)
  8 worker ants
  3 yak simulacra (Lair:3)
  12 hell rats
  3 wolf simulacra (Lair:3)
  12 sheep
  2 hound zombies
  A hound skeleton (D:8)
  4 mummies (Ossuary)
  A howler monkey zombie (D:7)
  3 worker ant zombies
  10 adders
  4 gnolls (D:9)
  71 river rats
  2 shadow imps
  18 oozes
  2 adder zombies (Ossuary)
  3 worms
  2 dart slugs
  2 giant geckos
  86 orcs
  2 ball pythons
  6 bats
  5 giant cockroaches
  15 goblins
  7 hobgoblins
  4 jackals
  25 kobolds
  5 quokkas
  A giant gecko skeleton (D:3)
  6 giant newts
  A jackal zombie (Ossuary)
  A kobold zombie (Ossuary)
  2 orc zombies (Ossuary)
  A quokka skeleton (D:4)
  5 rats
  A rat zombie (Ossuary)
  2 river rat simulacra
  9 fungi
  5 plants
1085 creatures vanquished.

Vanquished Creatures (collateral kills)
  A fire dragon (Shoals:1)
  2 hydras
  A merfolk avatar (Shoals:3)
  An alligator snapping turtle (Shoals:4)
  Erica (D:9)
  4 death yaks
  5 sea snakes
  An orc knight (Orc:2)
  A faun (Shoals:4)
  2 ugly things (D:14)
  A shining eye (Shoals:1)
  An orc sorcerer (D:14)
  A manticore (Shoals:1)
  A griffon (Lair:7)
  A siren (Shoals:2)
  5 elephants (Lair:7)
  A rime drake (D:9)
  4 merfolk
  Prince Ribbit (D:4)
  A slime creature (Lair:7)
  A blink frog (Lair:8)
  3 snapping turtles
  2 wyverns (Lair:7)
  A wraith (D:14)
  5 yaks
  3 water elementals (Shoals:1)
  A hippogriff (Lair:7)
  A hell hound (Lair:7)
  3 orc warriors (Orc:2)
  A wasp (D:10)
  A crocodile (Lair:6)
  The ghost of inmateoo the Slasher, an amateur HEWn (D:4)
  An elf zombie (Ossuary)
  2 giant frogs
  4 killer bees (D:7)
  A wight (D:7)
  A jelly (Shoals:1)
  2 human zombies (Ossuary)
  A worker ant (D:9)
  4 sheep (Lair:7)
  3 river rats
  A shadow imp (D:10)
  An ooze (D:9)
  7 orcs
  A jackal (D:10)
  A hobgoblin zombie (Ossuary)
  A kobold zombie (Ossuary)
  2 plants (Shoals:1)
92 creatures vanquished.

Vanquished Creatures (others)
  A merfolk javelineer (Shoals:2)
  2 harpies (Shoals:2)
  A human (Lair:5)
  A slave (D:6)
  2 centaurs
  A wyvern skeleton (D:6)
  2 crimson imps (D:6)
  39 fungi
  36 plants
85 creatures vanquished.

Grand Total: 1262 creatures vanquished

Notes
Turn   | Place    | Note
--------------------------------------------------------------
     0 | D:1      | Wooh the Minotaur Gladiator began the quest for the Orb.
     0 | D:1      | Reached XP level 1. HP: 18/18 MP: 0/0
   177 | D:1      | Reached XP level 2. HP: 25/25 MP: 1/1
   878 | D:1      | Reached XP level 3. HP: 29/30 MP: 2/2
   981 | D:2      | Found a faded altar to an unknown god.
  1074 | D:2      | Reached skill level 5 in Staves
  1894 | D:3      | Found an ancient bone altar of Kikubaaqudgha.
  1895 | D:3      | Found a sparkling altar of Nemelex Xobeh.
  1901 | D:3      | Became a worshipper of Nemelex Xobeh the Trickster
  1922 | D:3      | Received a gift from Nemelex Xobeh
  2016 | D:3      | Reached XP level 4. HP: 35/37 MP: 3/3
  2298 | D:4      | Noticed Eustachio
  2306 | D:4      | Killed Eustachio
  2306 | D:4      | Reached skill level 1 in Evocations
  2306 | D:4      | Reached XP level 5. HP: 42/42 MP: 3/5
  2340 | D:4      | Noticed an ogre
  2346 | D:4      | Killed an ogre
  2346 | D:4      | Reached skill level 2 in Evocations
  2355 | D:4      | Found a staircase to the Ecumenical Temple.
  2508 | D:4      | Reached * piety under Nemelex Xobeh
  2551 | D:4      | Found an opulent altar of Gozag.
  2771 | D:4      | Noticed inmateoo's ghost (amateur HEWn)
  2781 | D:4      | Killed inmateoo's ghost
  2781 | D:4      | Reached XP level 6. HP: 45/50 MP: 5/7
  2833 | D:4      | Found a sacrificial altar of Ru.
  2835 | D:4      | Found a glowing golden altar of the Shining One.
  2837 | D:4      | Found a snail-covered altar of Cheibriados.
  3128 | D:5      | Entered Level 5 of the Dungeon
  3128 | D:5      | Noticed Prince Ribbit
  3130 | D:5      | Noticed an ice beast
  3143 | D:4      | Killed Prince Ribbit
  3143 | D:4      | Reached skill level 3 in Evocations
  3367 | D:5      | Killed an ice beast
  3376 | D:5      | Received a gift from Nemelex Xobeh
  3524 | D:5      | Noticed Edmund
  3538 | D:5      | Killed Edmund
  3538 | D:5      | Reached skill level 4 in Evocations
  3538 | D:5      | Reached XP level 7. HP: 43/56 MP: 7/9
  3803 | D:5      | Found Itaholag's Armour Boutique.
  4175 | D:5      | Reached ** piety under Nemelex Xobeh
  4739 | D:6      | Reached skill level 5 in Evocations
  4744 | D:6      | Noticed Pikel
  4766 | D:5      | Killed Pikel
  4766 | D:5      | Reached skill level 10 in Staves
  4766 | D:5      | Reached skill level 6 in Evocations
  4766 | D:5      | Reached XP level 8. HP: 62/62 MP: 9/11
  5190 | D:6      | Received a gift from Nemelex Xobeh
  5317 | D:6      | Reached skill level 7 in Evocations
  5317 | D:6      | Reached XP level 9. HP: 68/68 MP: 13/13
  5456 | D:6      | Noticed Grinder
  5473 | D:6      | Killed Grinder
  5695 | D:6      | Found a shattered altar of Ashenzari.
  5695 | D:6      | Found a shadowy altar of Dithmenos.
  5817 | D:7      | Found a sand-covered staircase.
  5828 | Ossuary  | Entered an ossuary
  5970 | Ossuary  | Received a gift from Nemelex Xobeh
  6191 | Ossuary  | Reached *** piety under Nemelex Xobeh
  6615 | D:7      | Reached skill level 8 in Evocations
  6630 | D:7      | Reached skill level 5 in Fighting
  6923 | D:7      | Received a gift from Nemelex Xobeh
  7329 | D:8      | Found an iron altar of Okawaru.
  7329 | D:8      | Received a gift from Nemelex Xobeh
  7656 | D:8      | Got a fine ring mail
  7667 | D:8      | Identified the +4 ring mail of Pynniena {+Blink rElec Str+4} (You found it on level 8 of the Dungeon)
  7868 | D:8      | Reached skill level 9 in Evocations
  7868 | D:8      | Reached XP level 10. HP: 59/86 MP: 15/15
  8000 | D:8      | Reached **** piety under Nemelex Xobeh
  8000 | D:8      | Received a gift from Nemelex Xobeh
  8007 | D:8      | Found a burning altar of Makhleb.
  9586 | D:9      | Noticed Erica
  9594 | D:9      | Killed Erica
  9594 | D:9      | Reached skill level 10 in Evocations
  9723 | D:9      | Received a gift from Nemelex Xobeh
  9759 | D:9      | Reached skill level 10 in Fighting
  9895 | D:9      | Reached XP level 11. HP: 36/102 MP: 17/17
 10284 | D:10     | Entered Level 10 of the Dungeon
 10284 | D:10     | Noticed a hill giant
 10292 | D:10     | Killed a hill giant
 10294 | D:10     | Reached skill level 5 in Dodging
 10606 | D:10     | Found a staircase to the Lair.
 10840 | D:10     | Gained mutation: You are partially covered in rough black scales (AC +4, Dex -1). [potion of beneficial mutation]
 10854 | Lair:1   | Entered Level 1 of the Lair of Beasts
 11391 | Lair:1   | Reached ***** piety under Nemelex Xobeh
 11391 | Lair:1   | Received a gift from Nemelex Xobeh
 11692 | Lair:1   | You fall through a shaft!
 11722 | Lair:2   | Reached skill level 5 in Armour
 12022 | Lair:2   | Received a gift from Nemelex Xobeh
 12602 | Lair:2   | Received a gift from Nemelex Xobeh
 13040 | Lair:2   | Identified the Handbook of Twisted Intoxication
 13233 | Lair:3   | Received a gift from Nemelex Xobeh
 13338 | Lair:3   | Reached XP level 12. HP: 102/110 MP: 18/18
 13751 | Lair:3   | Received a gift from Nemelex Xobeh
 13832 | Lair:3   | Found a staircase to the Shoals.
 14437 | Lair:3   | Got a sparkling lapis lazuli ring
 14916 | Lair:4   | Received a gift from Nemelex Xobeh
 14954 | Lair:4   | Reached ****** piety under Nemelex Xobeh
 15017 | Lair:4   | Received a gift from Nemelex Xobeh
 15647 | Lair:4   | Identified the ring of Ownef {rPois rF+ AC+1 Str+2} (You found it on level 3 of the Lair of Beasts)
 15871 | Lair:4   | Noticed an eight-headed hydra
 15888 | Lair:4   | an eight-headed hydra changed into something unseen
 15904 | Lair:4   | Killed a ghost moth
 15904 | Lair:4   | Reached skill level 11 in Evocations
 16173 | Lair:5   | Noticed Kirke
 16177 | Lair:4   | Noticed Kirke
 16177 | Lair:4   | Kirke changed into Kirke the sphinx
 16228 | Lair:4   | Killed Kirke the sphinx
 16421 | Lair:5   | Reached skill level 10 in Dodging
 16463 | Lair:5   | Noticed a seven-headed hydra
 16466 | Lair:5   | Noticed a great orb of eyes
 16466 | Lair:5   | a seven-headed hydra changed into a great orb of eyes
 16468 | Lair:5   | Paralysed by a great orb of eyes for 4 turns
 16475 | Lair:5   | Paralysed by a great orb of eyes for 2 turns
 16478 | Lair:5   | Killed a great orb of eyes
 16478 | Lair:5   | Reached XP level 13. HP: 64/116 MP: 20/20
 16515 | Lair:5   | Noticed Snorg
 16517 | Lair:5   | Killed Snorg
 16550 | Lair:5   | Received a gift from Nemelex Xobeh
 17070 | Lair:5   | Reached skill level 12 in Evocations
 18018 | Lair:5   | Received a gift from Nemelex Xobeh
 18187 | Lair:6   | Found a staircase to the Snake Pit.
 18312 | Lair:6   | Received a gift from Nemelex Xobeh
 18543 | Lair:6   | Noticed a storm dragon
 18543 | Lair:6   | a death yak changed into a storm dragon
 18560 | Lair:6   | Killed a storm dragon
 18659 | Lair:6   | Received a gift from Nemelex Xobeh
 19049 | Lair:7   | Received a gift from Nemelex Xobeh
 19078 | Lair:6   | Reached skill level 13 in Evocations
 19606 | Lair:7   | Reached XP level 14. HP: 101/124 MP: 21/23
 20149 | Lair:7   | Received a gift from Nemelex Xobeh
 20682 | Lair:7   | Found a staircase to the Slime Pits.
 21307 | Lair:8   | Entered Level 8 of the Lair of Beasts
 21307 | Lair:8   | Received a gift from Nemelex Xobeh
 21401 | Lair:8   | Reached skill level 14 in Evocations
 22716 | Lair:8   | Received a gift from Nemelex Xobeh
 23851 | D:10     | Noticed Josephine
 23873 | D:10     | Killed Josephine
 24344 | D:10     | Reached XP level 15. HP: 130/130 MP: 25/25
 24378 | D:11     | Received a gift from Nemelex Xobeh
 24422 | D:11     | Noticed daning's ghost (journeyman HESk)
 24446 | D:11     | Killed daning's ghost
 25199 | D:11     | Reached skill level 15 in Evocations
 25302 | D:12     | Received a gift from Nemelex Xobeh
 25350 | D:12     | Found a staircase to the Orcish Mines.
 25423 | Orc:1    | Entered Level 1 of the Orcish Mines
 26163 | Orc:2    | Entered Level 2 of the Orcish Mines
 26348 | Orc:2    | Received a gift from Nemelex Xobeh
 26412 | Orc:2    | XOM: divination: magic mapping
 26939 | Orc:2    | Found Vogaheess's Antique Armour Shoppe.
 26939 | Orc:2    | Found Idufaadd's General Store.
 26941 | Orc:2    | Found Wumo's Food Shop.
 26943 | Orc:2    | Found Efot's Magic Scroll Emporium.
 27156 | Orc:2    | Found a staircase to the Elven Halls.
 28231 | D:13     | Reached skill level 10 in Armour
 29033 | D:13     | Received a gift from Nemelex Xobeh
 29377 | D:13     | Found a gate to the Vaults.
 29952 | D:14     | Reached skill level 16 in Evocations
 30049 | D:14     | Found a flagged portal.
 30065 | Bailey   | Entered a bailey
 30196 | Bailey   | Received a gift from Nemelex Xobeh
 30744 | D:14     | Found Ulohec's Armour Shop.
 31241 | D:14     | Found Gillamo's Serpentskin Sales.
 31541 | D:14     | Found Kus Baon's Weapon Shoppe.
 31570 | D:14     | Received a gift from Nemelex Xobeh
 31629 | D:14     | Found Ushaoneth's General Store.
 31926 | D:14     | Reached XP level 16. HP: 141/141 MP: 27/27
 32057 | D:15     | Entered Level 15 of the Dungeon
 32058 | D:15     | Found a staircase to the Depths.
 33603 | D:15     | Received a gift from Nemelex Xobeh
 34624 | Shoals:1 | Entered Level 1 of the Shoals
 34897 | Shoals:1 | Received a gift from Nemelex Xobeh
 34953 | Shoals:1 | Reached skill level 17 in Evocations
 34962 | Shoals:1 | Noticed Frances
 34979 | Shoals:1 | Killed Frances
 36129 | Shoals:1 | Reached skill level 15 in Fighting
 37209 | Shoals:2 | Gained mutation: Your body sometimes deteriorates upon taking damage. [a shining eye]
 37211 | Shoals:2 | Gained mutation: Scrolls take you a little longer to read. [a shining eye]
 37845 | Shoals:2 | Reached XP level 17. HP: 140/156 MP: 28/28
 38056 | Shoals:2 | Received a gift from Nemelex Xobeh
 38513 | Shoals:2 | HP: 4/158 [merfolk/trident of freezing (5)]
 39639 | Shoals:3 | Received a gift from Nemelex Xobeh
 40303 | Shoals:4 | Entered Level 4 of the Shoals
 40708 | Shoals:4 | Reached skill level 18 in Evocations
 40721 | Shoals:4 | HP: 5/159 [merfolk/trident (4)]
 40721 | Shoals:4 | Slain by a merfolk impaler

Skill      XL: |  1  2  3  4  5  6  7  8  9 10 11 12 13 14 15 16 17 |
---------------+----------------------------------------------------+-----
Staves         | 4 5 6 8 10 11 13 14 | 14.2
Evocations     | 1 2 4 6 7 9 10 11 13 14 16 17 18 | 18.0
Fighting       | 7 11 12 15 16 | 16.5
Dodging        | 7 10 12 14 | 14.6
Armour         | 5 7 10 | 10.5
Throwing       | |  2.1

Action                   |  1- 3 |  4- 6 |  7- 9 | 10-12 | 13-15 | 16-18 || total
-------------------------+-------+-------+-------+-------+-------+-------++-------
Melee: Quarterstaff      |    95 |    47 |   360 |   794 |  2127 |  1043 ||  4466
       Headbutt          |    10 |     6 |    73 |   213 |   685 |   376 ||  1363
       Unarmed           |       |       |       |     3 |       |       ||     3
Throw: Tomahawk          |       |       |       |       |    18 |    18 ||    36
Invok: Triple Draw       |       |       |     1 |       |     8 |    12 ||    21
       Stack Five        |       |       |       |     1 |       |       ||     1
       Deal Four         |       |       |       |       |     1 |       ||     1
Evoke: Deck              |       |     5 |    18 |    55 |    70 |    39 ||   187
       Wand              |       |     2 |     1 |     8 |    19 |     8 ||    38
       Fan of gales      |       |       |       |       |     4 |     2 ||     6
       Lamp of fire      |       |       |       |       |       |     3 ||     3
       Box of beasts     |       |       |       |       |       |     3 ||     3
  Use: Scroll            |     5 |     3 |     5 |    15 |     8 |     5 ||    41
       Potion            |       |     1 |     1 |     2 |     2 |     4 ||    10
 Stab: Sleeping          |     1 |       |       |     1 |       |       ||     2
       Paralysed         |       |       |     7 |     5 |       |     2 ||    14
       Distracted        |       |       |       |       |     3 |     1 ||     4
       Petrified         |       |       |       |       |     4 |       ||     4
  Eat: Chunk             |     3 |     5 |     9 |    23 |    42 |    14 ||    96
       Meat ration       |       |       |     1 |     1 |     1 |     2 ||     5
       Bread ration      |       |       |       |       |       |     1 ||     1
       Royal jelly       |       |       |       |       |       |     1 ||     1
Armor: Leather armour    |    21 |     8 |    83 |       |       |       ||   112
       Ring mail         |       |       |     8 |   167 |   563 |   332 ||  1070
       Mottled dragon ar |       |       |       |   106 |       |       ||   106
Dodge: Dodged            |    39 |    22 |   202 |   419 |  1463 |   822 ||  2967
Block: Other             |       |       |       |       |   142 |   104 ||   246
       Reflection        |       |       |       |       |    17 |     7 ||    24
